 Dungeon Crawl Stone Soup version 0.21-a0-476-gd103f4b (webtiles) character file.

2993 Daviar the Magician (level 9, -3/66 HPs)
             Began as a Gnoll Earth Elementalist on Nov 22, 2017.
             Was a Believer of Ashenzari.
             Slain by a cyan ugly thing (14 damage)
             ... on level 7 of the Dungeon.
             The game lasted 00:23:06 (7441 turns).

Daviar the Magician (Gnoll Earth Elementalist)      Turns: 7441, Time: 00:23:06

Health: -3/66      AC:  5    Str: 10    XL:     9   Next: 83%
Magic:  6/19       EV: 16    Int: 21    God:    Ashenzari [**....]
Gold:   446        SH:  6    Dex: 16    Spells: 6/21 levels left

rFire    + . .     SeeInvis .   j - +9 club (curse)
rCold    + . .     Gourm    .   G - +0 buckler (curse)
rNeg     . . .     Faith    .   x - +2 robe {rF+} (curse)
rPois    .         Spirit   .   (no helmet)
rElec    .         Reflect  .   (no cloak)
rCorr    .         Harm     .   n - +0 pair of gloves (curse)
MR       .....                  (no boots)
Stlth    +++.......             (no amulet)
HPRegen  0.21/turn              F - ring of protection from cold
MPRegen  0.16/turn              (no ring)

@: drained
A: distributed training, fangs 1, strong nose
a: Curse Item, Scrying, Renounce Religion


You were on level 7 of the Dungeon.
You worshipped Ashenzari.
Ashenzari was pleased with you.
You were not hungry.

You visited 2 branches of the dungeon, and saw 9 of its levels.

You collected 446 gold pieces.

Inventory:

Hand Weapons
 j - a cursed +9 club (weapon)
 o - a +0 vampiric falchion
 v - a +1 halberd of protection
Missiles
 b - 82 stones (quivered)
 l - 5 javelins
 A - 7 javelins of penetration
Armour
 n - a cursed +0 pair of gloves (worn)
 x - a cursed +2 robe of fire resistance (worn)
 y - the +1 robe of Curiosity {rElec Str+4}
   (You found it on level 6 of the Dungeon)

   It affects your strength (+4).
   It insulates you from electricity.
 G - a cursed +0 buckler (worn)
Jewellery
 r - an uncursed ring of fire
 u - an uncursed ring of ice
 F - a ring of protection from cold (left hand)
Wands
 m - a wand of random effects (29)
Scrolls
 a - a scroll of enchant weapon
 c - 2 scrolls of identify
 g - 5 scrolls of teleportation
 h - 2 scrolls of amnesia
 w - a scroll of enchant armour {unknown}
Potions
 k - a potion of invisibility {unknown}
 p - a potion of resistance {unknown}
 q - 2 potions of magic {unknown}
 s - 3 potions of brilliance
 t - 3 potions of curing {unknown}
 C - a potion of agility {unknown}
 D - a potion of mutation {unknown}
Books
 e - a book of Geomancy

   Spells                             Type                      Level
   a - Sandblast                      Earth                        1
   b - Passwall                       Transmutation/Earth          2
   c - Stone Arrow                    Conjuration/Earth            3
   d - Petrify                        Transmutation/Earth          4
   e - Lee's Rapid Deconstruction     Earth                        5
Comestibles
 d - 4 bread rations
 i - 4 fruits


   Skills:
 + Level 4.5 Fighting
 + Level 4.5 Short Blades
 + Level 4.5 Long Blades
 + Level 4.5 Axes
 + Level 4.5(6.7) Maces & Flails
 + Level 4.5 Polearms
 + Level 4.5 Staves
 + Level 4.5 Slings
 + Level 4.5 Bows
 + Level 4.5 Crossbows
 + Level 4.5 Throwing
 + Level 4.5 Armour
 + Level 6.5 Dodging
 + Level 6.2 Stealth
 + Level 4.5(5.9) Shields
 + Level 4.5 Unarmed Combat
 + Level 6.8 Spellcasting
 + Level 3.7 Conjurations
 + Level 3.7 Hexes
 + Level 3.7 Charms
 + Level 3.7 Summonings
 + Level 3.7 Necromancy
 + Level 3.7 Translocations
 + Level 4.3 Transmutations
 + Level 3.7 Fire Magic
 + Level 3.7 Ice Magic
 + Level 3.7 Air Magic
 + Level 6.7(6.6) Earth Magic
 + Level 3.7 Poison Magic
 + Level 5.0(4.9) Invocations
 + Level 4.5 Evocations


You had 6 spell levels left.
You knew the following spells:

 Your Spells              Type           Power        Failure   Level  Hunger
a - Sandblast             Erth           #####.       1%          1    None
b - Passwall              Tmut/Erth      ####......   1%          2    None
c - Stone Arrow           Conj/Erth      ####..       3%          3    #......
d - Petrify               Tmut/Erth      ####....     10%         4    ###....
e - Lee's Rapid Deconstr  Erth           #####.....   16%         5    #####..


Dungeon Overview and Level Annotations

Branches:
Dungeon (8/15)             Temple (1/1) D:6
   Lair: D:8-11

Altars:
Ashenzari
Cheibriados
Dithmenos
Elyvilon
Fedhas
Gozag
Hepliaklqana
Kikubaaqudgha
Makhleb
Nemelex Xobeh
Okawaru
Qazlal
Ru
Sif Muna
Trog
Uskayaw
Vehumet
Wu Jian
Xom
Yredelemnul
Zin
The Shining One


Innate Abilities, Weirdness & Mutations

Your experience applies equally to all skills.
You have very sharp teeth.
Your uncanny sense of smell can sniff out nearby items.


Message History

* * * LOW HITPOINT WARNING * * *
You feel much better.
The cyan ugly thing headbutts you but does no damage.
The cyan ugly thing headbutts you but does no damage.
Evoke which item? (* to show all) (? for menu, Esc to quit)
Okay, then.
Casting: Stone Arrow
Confirm with . or Enter, or press ? or * to list all spells.
Aiming: Stone Arrow
Press: ? - help, Shift-Dir - straight line, f/p - cyan ugly thing
Aim: a cyan ugly thing (moderately wounded)
The stone arrow hits the cyan ugly thing.
The cyan ugly thing is severely wounded.
The cyan ugly thing headbutts you! The cyan ugly thing shocks you!
* * * LOW HITPOINT WARNING * * *
Unknown command.
You feel much better. The cyan ugly thing headbutts you!
* * * LOW HITPOINT WARNING * * *
The cyan ugly thing shocks you!
You die...

*.# * * ##.> ....###
∆#.* { *......,
....... *##.####
*.###.####.#.##..
#.....#
..........#..#..
#####.####..##......
#.#..
#.......##.....###.#..
#...............))....
#.#.u........(#####...
#.#..@...........##...
#.#........#....<.....
#..........#....(....[
###.....####.........)
#......# #........)[
#...#### #######'##.
#...### #<.......
#.....#######......#.
#..................#.


You could see a cyan ugly thing.

Vanquished Creatures
  A centaur skeleton (D:8)
  Menkaure (D:6)
  2 black bears (D:7)
  2 orc warriors (D:7)
  A sky beast (D:7)
  An ice beast (D:7)
  4 ogres
  2 phantoms
  The ghost of Laiders the Shield-Bearer, an amateur FoFi (D:4)
  A big kobold (D:7)
  A bullfrog (D:6)
  Blork the orc (D:5)
  2 scorpions
  3 wights
  3 crimson imps
  A centaur zombie (D:7)
  2 quasits
  A hound (D:6)
  A jelly (D:7)
  2 orc priests
  Jessica (D:2)
  3 iguanas
  6 orc wizards
  9 worker ants
  A hound skeleton (D:6)
  A worker ant zombie (D:6)
  5 adders
  3 gnolls (D:3)
  An adder skeleton (D:7)
  2 worms (D:3)
  2 dart slugs
  5 leopard geckos
  20 orcs
  A ball python (D:2)
  8 giant cockroaches
  13 goblins
  10 hobgoblins
  10 jackals
  7 kobolds
  2 quokkas
  8 bats
  4 frilled lizards
  A leopard gecko skeleton (D:4)
  A quokka skeleton (D:4)
  A quokka zombie (D:5)
  10 rats
168 creatures vanquished.

Vanquished Creatures (others)
  A quokka (D:4)
1 creature vanquished.

Grand Total: 169 creatures vanquished

Notes
Turn   | Place    | Note
-------+----------+-------------------------------------------
     0 | D:1      | Daviar the Gnoll Earth Elementalist began the quest for the Orb.
     0 | D:1      | Reached XP level 1. HP: 13/13 MP: 6/6
   110 | D:1      | Reached XP level 2. HP: 16/19 MP: 2/7
   189 | D:1      | Learned a level 2 spell: Passwall
   850 | D:2      | Noticed Jessica
   854 | D:2      | Killed Jessica
   854 | D:2      | Reached skill level 5 in Spellcasting
   854 | D:2      | Reached skill level 1 in Invocations
   854 | D:2      | Reached XP level 3. HP: 25/25 MP: 5/9
   986 | D:2      | Reached skill level 1 in Fighting
   986 | D:2      | Reached skill level 1 in Short Blades
   986 | D:2      | Reached skill level 1 in Long Blades
   986 | D:2      | Reached skill level 1 in Axes
   986 | D:2      | Reached skill level 1 in Maces & Flails
   986 | D:2      | Reached skill level 1 in Polearms
   986 | D:2      | Reached skill level 1 in Staves
   986 | D:2      | Reached skill level 1 in Slings
   986 | D:2      | Reached skill level 1 in Bows
   986 | D:2      | Reached skill level 1 in Crossbows
   986 | D:2      | Reached skill level 1 in Throwing
   986 | D:2      | Reached skill level 1 in Armour
   986 | D:2      | Reached skill level 1 in Shields
   986 | D:2      | Reached skill level 1 in Unarmed Combat
   986 | D:2      | Reached skill level 1 in Evocations
   986 | D:2      | Reached XP level 4. HP: 15/32 MP: 9/11
  2141 | D:2      | Reached skill level 1 in Conjurations
  2141 | D:2      | Reached skill level 1 in Hexes
  2141 | D:2      | Reached skill level 1 in Charms
  2141 | D:2      | Reached skill level 1 in Summonings
  2141 | D:2      | Reached skill level 1 in Necromancy
  2141 | D:2      | Reached skill level 1 in Translocations
  2141 | D:2      | Reached skill level 1 in Fire Magic
  2141 | D:2      | Reached skill level 1 in Ice Magic
  2141 | D:2      | Reached skill level 1 in Air Magic
  2141 | D:2      | Reached skill level 1 in Poison Magic
  2322 | D:3      | Reached XP level 5. HP: 37/37 MP: 7/12
  2707 | D:3      | You fall through a shaft for 3 floors!
  2707 | D:6      | Found a staircase to the Ecumenical Temple.
  2716 | Temple   | Entered the Ecumenical Temple
  3049 | Temple   | Became a worshipper of Ashenzari the Shackled
  3121 | D:5      | Entered Level 5 of the Dungeon
  3211 | D:5      | Reached XP level 6. HP: 34/44 MP: 10/13
  3219 | D:5      | Learned a level 3 spell: Stone Arrow
  3340 | D:5      | Noticed Blork the orc
  3342 | D:5      | Killed Blork the orc
  3385 | D:5      | Noticed a phantom
  3393 | D:5      | Killed a phantom
  3393 | D:5      | Reached skill level 5 in Dodging
  3460 | D:4      | Reached XP level 7. HP: 46/50 MP: 3/15
  4480 | D:4      | Reached * piety under Ashenzari
  4542 | D:4      | Reached skill level 5 in Stealth
  4698 | D:4      | Noticed Laiders's ghost (amateur FoFi)
  4772 | D:4      | Killed Laiders's ghost
  4772 | D:4      | Reached XP level 8. HP: 21/57 MP: 1/16
  6024 | D:5      | Learned a level 4 spell: Petrify
  6176 | D:6      | Identified the +1 robe of Curiosity {rElec Str+4}
  6254 | D:6      | Noticed Menkaure
  6260 | D:6      | Killed Menkaure
  6464 | D:7      | Reached XP level 9. HP: 65/65 MP: 11/18
  7069 | D:8      | Reached ** piety under Ashenzari
  7075 | D:8      | Found a radiant altar of Vehumet.
  7150 | D:8      | Learned a level 5 spell: Lee's Rapid Deconstruction
  7151 | D:8      | Noticed a hornet
  7419 | D:7      | Reached skill level 5 in Invocations
  7427 | D:7      | Noticed a cyan ugly thing
  7431 | D:7      | HP: 3/66 [cyan ugly thing (16)]
  7441 | D:7      | Slain by a cyan ugly thing

Vault maps used:
D:1:      kennysheep_arrival_seaside
D:2:      cheibrodos_greedy_goblins, uniq_jessica
D:3:      minmay_stone_trees_large
D:5:      first_bread, kennysheep_opposing_triangles, uniq_blork_the_orc
D:6:      minmay_temple_entry_junction, uniq_menkaure
D:7:      minmay_cornered_nines
D:8:      lemuel_doored_altar, hangedman_pestilent_swarm
Temple:   compressed_dpeg_circular_temple

Skill      XL: |  1  2  3  4  5  6  7  8  9 |
---------------+----------------------------+-----
Transmutations | 2 3 4 |  4.3
Spellcasting   | 5 6 |  6.8
Invocations    | 1 2 3 4 5 |  5.0
Fighting       | 1 2 3 4 |  4.5
Short Blades   | 1 2 3 4 |  4.5
Long Blades    | 1 2 3 4 |  4.5
Axes           | 1 2 3 4 |  4.5
Maces & Flails | 1 2 3 4 |  4.5
Polearms       | 1 2 3 4 |  4.5
Staves         | 1 2 3 4 |  4.5
Slings         | 1 2 3 4 |  4.5
Bows           | 1 2 3 4 |  4.5
Crossbows      | 1 2 3 4 |  4.5
Throwing       | 1 2 3 4 |  4.5
Armour         | 1 2 3 4 |  4.5
Shields        | 1 2 3 4 |  4.5
Unarmed Combat | 1 2 3 4 |  4.5
Evocations     | 1 2 3 4 |  4.5
Conjurations   | 1 2 3 |  3.7
Hexes          | 1 2 3 |  3.7
Charms         | 1 2 3 |  3.7
Summonings     | 1 2 3 |  3.7
Necromancy     | 1 2 3 |  3.7
Translocations | 1 2 3 |  3.7
Fire Magic     | 1 2 3 |  3.7
Ice Magic      | 1 2 3 |  3.7
Air Magic      | 1 2 3 |  3.7
Poison Magic   | 1 2 3 |  3.7
Dodging        | 5 6 |  6.5
Stealth        | 5 6 |  6.2
Earth Magic    | 6 |  6.7

Action                   |  1- 3 |  4- 6 |  7- 9 || total
-------------------------+-------+-------+-------++-------
Melee: Mace              |    30 |       |       ||    30
       Bite              |     3 |     3 |    13 ||    19
       Club              |    11 |    53 |   139 ||   203
       Punch             |       |       |     3 ||     3
Throw: Stone             |       |       |     1 ||     1
 Cast: Sandblast         |    12 |    53 |    81 ||   146
       Passwall          |     2 |       |       ||     2
       Stone Arrow       |       |     3 |    41 ||    44
       Lee's Rapid Decon |       |       |     2 ||     2
Invok: Curse Item        |       |     1 |     3 ||     4
  Use: Scroll            |       |     7 |     3 ||    10
       Potion            |       |       |     3 ||     3
 Stab: Sleeping          |     5 |     9 |     7 ||    21
       Distracted        |       |       |     1 ||     1
  Eat: Chunk             |       |     8 |     7 ||    15
       Meat ration       |       |       |     2 ||     2
Armor: Robe              |     9 |    15 |    41 ||    65
Dodge: Dodged            |    33 |    64 |   142 ||   239
Block: Buckler           |       |       |     3 ||     3

Table legend:
 A = Spawn XP
 B = Non-spawn XP
 C = Spawn XP percentage of total XP
 D = Spawn monster count
 E = Non-spawn monster count
 F = Spawn count percentage of total count
 G = Total turns spent on level
                    A         B        C        D         E        F      G
               +---------+---------+-------+---------+---------+-------+---------
         Total |       0 |    4277 |   0.0 |       0 |     168 |   0.0 |  7441
               +---------+---------+-------+---------+---------+-------+---------
           D:1 |       0 |      27 |   0.0 |       0 |      19 |   0.0 |   834
           D:2 |       0 |     123 |   0.0 |       0 |      36 |   0.0 |  1466
           D:3 |       0 |     123 |   0.0 |       0 |      19 |   0.0 |   756
           D:4 |       0 |     594 |   0.0 |       0 |      22 |   0.0 |  1243
           D:5 |       0 |     628 |   0.0 |       0 |      27 |   0.0 |  1312
           D:6 |       0 |     599 |   0.0 |       0 |      10 |   0.0 |   422
           D:7 |       0 |    1589 |   0.0 |       0 |      28 |   0.0 |   770
           D:8 |       0 |     594 |   0.0 |       0 |       7 |   0.0 |   276
               +---------+---------+-------+---------+---------+-------+---------
